 Dungeon Crawl Stone Soup version 0.28.0 (webtiles) character file.

Game seed: 2589824580057900858

137 browni3141 the Chopper (level 5, -6/46 HPs)
             Began as a Minotaur Berserker on Feb 16, 2022.
             Was a Follower of Trog.
             Mangled by a gnoll (9 damage)
             ... on level 2 of the Dungeon.
             The game lasted 00:00:37 (1214 turns).

browni3141 the Chopper (Minotaur Berserker)         Turns: 1214, Time: 00:00:38

Health: -6/46      AC:  2    Str: 23    XL:     5   Next: 0%
Magic:  4/4        EV: 12    Int:  4    God:    Trog [*.....]
Gold:   32         SH:  0    Dex: 10    Spells: 4/4 levels left

rFire   . . .      SeeInvis .   a - +0 hand axe
rCold   . . .      Faith    .   (no shield)
rNeg    . . .      Spirit   .   b - +0 animal skin
rPois   .          Reflect  .   (helmet restricted)
rElec   .          Harm     .   (no cloak)
rCorr   .          Rampage  .   (no gloves)
Will    .....                   (no boots)
Stlth   +.........              (no amulet)
HPRegen 0.15/turn               (no ring)
MPRegen 0.09/turn               (no ring)

@: on berserk cooldown, slowed, very slow
A: horns 2, retaliatory headbutt
a: Renounce Religion, Berserk


You were on level 2 of the Dungeon.
You worshipped Trog.
Trog was aware of your devotion.
You visited 1 branch of the dungeon, and saw 2 of its levels.

You collected 32 gold pieces.

Inventory:

Hand Weapons
 a - a +0 hand axe (weapon)
Armour
 b - a +0 animal skin (worn)
 g - a +0 tower shield
Jewellery
 h - a ring of ice
Scrolls
 d - a scroll of magic mapping {unknown}
 f - a scroll of identify {unknown}
 i - a scroll of enchant armour {unknown}
Potions
 c - 2 potions of haste {unknown}
 e - a potion of attraction {unknown}


   Skills:
 - Level 4.1 Fighting
 * Level 5.3 Axes
 - Level 3.1 Armour
 - Level 2.1 Dodging
 * Level 3.0 Shields


You had 4 spell levels left.
You didn't know any spells.
Your spell library was empty.

Dungeon Overview and Level Annotations

Branches:
Dungeon (2/15)

Altars:


Innate Abilities, Weirdness & Mutations

You have a pair of horns on your head.
You reflexively headbutt those who attack you in melee.


Message History

You kill the kobold!
Trog accepts your kill. The gnoll barely misses you.
A gnoll comes into view. It is wielding a +0 flail.
Found a stone staircase leading up.
The gnoll shouts!
Items here: )) ††.
You hit the gnoll.
The gnoll is moderately wounded.
You slash the gnoll! The gnoll hits you with a +0 spear!
The gnoll closely misses you. The gnoll hits you with a +0 club.
The gnoll barely misses you. You furiously retaliate!
You headbutt the gnoll!
You kill the gnoll!
Trog accepts your kill.
You slash the gnoll!
You kill the gnoll!
Trog accepts your kill.
Your Shields skill increases to level 3!
You have reached level 5!
You feel a strong urge to attack something.
You are no longer berserk.
You are exhausted.
You feel yourself slow down. The gnoll hits you with a +0 flail.
You closely miss the gnoll. The gnoll barely misses you.
The gnoll closely misses you. You furiously retaliate!
You headbutt the gnoll! You barely miss the gnoll.
The gnoll is heavily wounded.
The gnoll barely misses you.
You barely miss the gnoll. Your headbutt misses the gnoll.
The gnoll is heavily wounded.
The gnoll hits you with a +0 flail. The gnoll closely misses you.
You barely miss the gnoll. Your punch misses the gnoll.
The gnoll is heavily wounded.
The gnoll hits you with a +0 flail!
* * * LOW HITPOINT WARNING * * *
You hit the gnoll.
The gnoll is almost dead.
The gnoll hits you with a +0 flail!
You die...

........ ########
#......## .......#
#.......# .......#
#.<.....## .......#
#........ .......#
#.....# #...####
##.).####..# .)..#
#.)..@g...#
#...########.))..#####
###..##.......####
##....###.###
##.......#
####...######
........# .#..###.#
####### ...####.#
##.....#


You could see a gnoll.

Vanquished Creatures
  A scorpion (D:2)
  3 gnolls (D:2)
  An adder (D:2)
  A worm (D:2)
  2 endoplasms
  3 goblins
  2 hobgoblins
  6 jackals
  A quokka (D:1)
  5 ball pythons
  5 bats
  2 frilled lizards (D:1)
  3 kobolds
  2 rats
37 creatures vanquished.

Notes
Turn   | Place    | Note
-------+----------+-------------------------------------------
     0 | D:1      | browni3141 the Minotaur Berserker began the quest for the
                  | Orb.
     0 | D:1      | Reached XP level 1. HP: 19/19 MP: 0/0
   193 | D:1      | Reached XP level 2. HP: 19/27 MP: 1/1
   350 | D:1      | Reached skill level 4 in Axes
   433 | D:1      | You fall into a shaft and drop 1 floor!
   770 | D:2      | Reached XP level 3. HP: 32/33 MP: 2/2
   782 | D:2      | Noticed a scorpion
   790 | D:2      | Killed a scorpion
   791 | D:2      | Reached XP level 4. HP: 23/40 MP: 3/3
  1023 | D:2      | Reached skill level 5 in Axes
  1208 | D:2      | Reached XP level 5. HP: 32/46 MP: 4/4
  1214 | D:2      | Mangled by a gnoll

Illustrated notes

Levels and vault maps discovered:
D:1:      roderic_crossed_star, layout_rooms
D:2:      layout_rooms, uniq_jessica

Skill      XL: |  1  2  3  4 |
---------------+-------------+-----
Axes           | 4 5 |  5.3
Fighting       | 4 |  4.1
Armour         | 3 |  3.1
Shields        | 2 3 |  3.0
Dodging        | |  2.1

Action                   |  1- 3 |  4- 6 || total
-------------------------+-------+-------++-------
Melee: Hand axe          |    55 |    24 ||    79
       Headbutt          |     5 |     1 ||     6
Invok: Berserk           |     1 |     1 ||     2
Armor: Animal skin       |    11 |     2 ||    13
Dodge: Dodged            |    56 |    24 ||    80
